 Dungeon Crawl Stone Soup version 0.02-122-g12e50fee3c (webtiles) character file.

Game seed: 14757139552693758067, levelgen mode: deterministic

7893 Lanoc the Fighter (level 11, -3/153 HPs) Magenta Draconian Demonspawn. Began on Oct 2, 2020. Was an Elder of Bahamut & Tiamat. Slain by a troll (5 damage) ... on level 6 of the Dungeon. The game lasted 00:20:10 (4742 turns).

Lanoc the Fighter (Magenta Draconian Demonspawn)    Turns: 4742, Time: 00:20:11

Health: -3/153     AC: 25    Str: 17    XL:     11 ^: 10571
Magic:  19/19      EV:  2    Int: 12    God:    Bahamut & Tiamat [4* [100]]
Gold:   222        SH:  0    Dex: 14    Spells: 14/15 levels left

rFire    . . .     Vision   .   a - +0 long sword
rCold    . . .     Gourm    .   (no weapon)
rNeg     + + +     Faith    .   (armour unavailable)
rPois    +         Spirit   .   (helmet unavailable)
rElec    .         Reflect  .   (cloak currently unavailable)
rCorr    .         Harm     .   (gloves currently unavailable)
MR       .....     NoTele   +   (boots currently unavailable)
Stlth    ++........             (no amulet)
HPRegen  0.61/turn              d - ring of positive energy
MPRegen  0.29/turn              (no ring)

@: tree-form, hasted, very quick
A: (no body armour), unfitting armour, demonic guardian 2, flame cloud immunity,
boosted long blades aptitude, AC +8
a: Enhanced Breath, Choose Tiamat's Summon Drakes, Renounce Religion


You were on level 6 of the Dungeon.
You worshipped Bahamut & Tiamat.
Bahamut & Tiamat was greatly pleased with you.
You were very hungry.
You were a tree.
You visited 2 branches of the dungeon, and saw 8 of its levels.

You collected 222 gold pieces.

Inventory:

Weapons
 a - a +0 long sword (weapon)
Jewellery
 d - a ring of positive energy (left branch)
Wands
 g - a wand of flame (21)
 h - a wand of polymorph (1)
 k - a wand of scattershot (7)
 u - a wand of iceblast (7)
Scrolls
 b - 2 scrolls of enchantment
 e - a scroll of immolation
 f - 3 scrolls of magic mapping
 i - 4 scrolls of fog
 m - 5 scrolls of teleportation
 o - 3 scrolls of amnesia
 r - 4 scrolls of blinking
 t - a scroll of fear
Potions
 n - a potion of resistance
 p - 2 potions of might
 q - a potion of brilliance
 s - a potion of ambrosia
 w - a potion of magic
 z - a potion of haste
Comestibles
 c - 11 rations


   Skills:
 + Level 11.3 Fighting
 * Level 5.7 Long Blades
 + Level 8.3 Dodging
 - Level 1.3 Stealth
 - Level 2.6 Spellcasting
 * Level 10.7 Invocations


You had 14 spell levels left.
You knew the following spells:

 Your Spells              Type           Power        Failure   Level  Hunger
a - Flame Tongue          Fire           1 (40)       26%         1    #......

Your spell library contained the following spells:

 Spells                   Type           Power        Failure   Level  Hunger
 Blink                    Tloc           N/A          36%         2    ###....
 Call Imp                 Summ           1 (100)      36%         2    ###....
 Slow                     Hex            1 (100)      36%         2    ###....
 Conjure Flame            Fire           1 (100)      58%         3    ###....
 Mephitic Cloud           Pois/Air       1 (100)      58%         3    ###....


Dungeon Overview and Level Annotations

Branches:
Dungeon (7/8)              Temple (1/1) D:4            Lair (0/6) D:5
    Orc (0/2) D:6
 Vaults: D:7

Altars:
Bahamut & Tiamat
Elyvilon
Gozag Ym Sagoz
Hepliaklqana
Kikubaaqudgha
Nemelex Xobeh
Qazlal
Ru
Sif Muna
Trog
Wu Jian
Xom
Yredelemnul
The Shining One

Annotations:
D:7 Frances


Innate Abilities, Weirdness & Mutations

You cannot fit into any form of body armour.
((Your hazy amethyst scales are hard. (AC +8)))
((You can breathe clouds of thick fog.))
((You have a pair of large horns on your head.))
A demonic guardian rushes to your aid.
((You are heat resistant. (rF+)))
((You are cold-blooded and may be slowed by cold attacks.))
You are immune to clouds of flame.
You are naturally skilled at Long Blades (Aptitude +3).
((You are in touch with the powers of charms.))
((Your hazy amethyst scales passively repel missiles. (rMsl)))


Message History

You hit the troll (4).
The troll is heavily wounded. (19/37) HP The troll bites you but does no damage.
The troll claws you but does no damage. x2
You hit the troll (1).
The troll is heavily wounded. (19/37) HP You hit the troll but do no damage.
The troll is heavily wounded. (19/37) HP The troll bites you but does no damage.
The troll claws you (4).
* * * LOW HITPOINT WARNING * * *
The troll claws you but does no damage.
You barely miss the troll. You hit the troll but do no damage.
The troll is heavily wounded. (20/37) HP The troll bites you but does no damage.
The troll claws you but does no damage. x2
You hit the troll (2).
The troll is heavily wounded. (19/37) HP You hit the troll but do no damage.
The troll is heavily wounded. (19/37) HP The troll bites you but does no damage.
The troll claws you but does no damage. The troll claws you (5).
You die...

#### #...## ####.#..#
#....)#.### #
...#T♣.).############.
#.##............##....
#..#.....######...K.##
##..#.....#####...##...
#...#...........######.
##...#...<.####### #K
#######....#.....# #.
..........).######
####K .[.%......#.#
#....


You could see a troll.

Vanquished Creatures
  A two-headed ogre (D:6)
  An ugly thing (D:6)
  2 kobold demonologists
  2 hippogriffs (D:6)
  A wyvern (D:5)
  A basilisk (D:6)
  A cyclops (D:6)
  5 yaks
  A vampire mosquito (D:5)
  A necrophage (D:5)
  4 orc warriors
  A sky beast (D:4)
  A black bear (D:5)
  2 ogres
  An eye of draining (D:6)
  4 big kobolds
  A meliai zombie (D:6)
  3 bullfrogs
  3 centaurs
  3 scorpions
  3 wights
  2 hounds
  2 orc priests
  4 jellies (D:2)
  3 worker ants
  2 iguanas (D:4)
  4 orc wizards
  A wyvern zombie (D:4)
  A wyvern skeleton (D:6)
  5 bullfrog skeletons
  2 bullfrog zombies
  2 shadow imps
  7 adders
  3 gnolls (D:4)
  A white imp (D:3)
  2 cinder newts (D:2)
  A worm (D:4)
  A worker ant zombie (D:5)
  A hound skeleton (D:5)
  4 oozes
  A howler monkey skeleton (D:3)
  5 leopard geckos
  31 orcs
  2 ball pythons
  A bat (D:2)
  2 cinder newt skeletons (D:2)
  2 giant cockroaches
  7 jackals
  2 quokkas
  5 kobolds (D:4)
  A quokka skeleton (D:3)
149 creatures vanquished.

Vanquished Creatures (collateral kills)
  A centaur warrior (D:6)
  A kobold demonologist (D:6)
  A komodo dragon (D:5)
  5 wraiths (D:3)
  A cyclops (D:6)
  2 hippogriffs (D:6)
  2 yaks (D:5)
  A hungry ghost (D:4)
  A basilisk (D:6)
  A guardian mummy (D:3)
  An acid dragon (D:6)
  2 phantoms (D:3)
  Edmund (D:3)
  A water moccasin (D:6)
  2 orc warriors (D:6)
  A porcupine (D:3)
  A sky beast (D:6)
  An eye of draining (D:6)
  7 big kobolds
  A centaur (D:6)
  A howler monkey (D:6)
  A wight (D:4)
  A hound (D:6)
  2 jellies (D:6)
  An iguana (D:4)
  An iron imp (D:3)
  A bullfrog zombie (D:4)
  An adder (D:6)
  A leopard gecko (D:3)
  4 orcs
  A quokka (D:3)
  2 kobolds (D:4)
51 creatures vanquished.

Vanquished Creatures (others)
  A wight (D:6)
  8 plants (D:5)
  71 withered plants (D:2)
80 creatures vanquished.

Grand Total: 280 creatures vanquished

Notes
Turn   | Place    | Note
-------+----------+-------------------------------------------
     0 | D:1      | Lanoc the Immature Draconian Demonspawn began the quest for
                  | the Orb.
     0 | D:1      | Reached XP level 1. HP: 18/18 MP: 4/4
    14 | D:2      | Noticed a jelly
    57 | D:2      | Gained mutation: You have a pair of small horns on your
                  | head. [demonic ancestry]
    57 | D:2      | Reached XP level 2. HP: 25/25 MP: 5/5
    83 | D:2      | Reached skill level 3 in Fighting
    83 | D:2      | Gained mutation: You have a pair of horns on your head.
                  | [demonic ancestry]
    83 | D:2      | Reached XP level 3. HP: 19/31 MP: 5/7
   129 | D:2      | Reached skill level 4 in Fighting
   129 | D:2      | Reached XP level 4. HP: 27/40 MP: 5/8
   271 | D:2      | Gained mutation: A weak demonic guardian rushes to your
                  | aid. [demonic ancestry]
   271 | D:2      | Reached XP level 5. HP: 46/47 MP: 6/9
   285 | D:3      | Noticed Edmund
   295 | D:3      | Killed Edmund
   295 | D:3      | Reached skill level 5 in Fighting
   301 | D:3      | Noticed a wraith
   314 | D:3      | Killed a wraith
   314 | D:3      | Gained mutation: A demonic guardian rushes to your aid.
                  | [demonic ancestry]
   314 | D:3      | Reached XP level 6. HP: 8/56 MP: 10/10
   320 | D:3      | Noticed a phantom
   345 | D:3      | Killed a phantom
   546 | D:3      | Noticed a guardian mummy
   550 | D:3      | Killed a guardian mummy
   550 | D:3      | Reached skill level 6 in Fighting
   554 | D:3      | Noticed a wraith
   572 | D:3      | Killed a wraith
   572 | D:3      | Your scales start taking on a hazy amethyst colour.
   572 | D:3      | Reached XP level 7. HP: 64/64 MP: 11/11
   572 | D:3      | Gained mutation: You have a pair of large horns on your
                  | head. [demonic ancestry]
   572 | D:3      | Gained mutation: Your hazy amethyst scales passively repel
                  | missiles. (rMsl) [Magenta Draconian growth]
   572 | D:3      | Gained mutation: You are in touch with the powers of
                  | charms. [Magenta Draconian growth]
   590 | D:3      | Noticed a wraith
   590 | D:3      | Noticed a wraith
   596 | D:3      | Killed a wraith
   597 | D:3      | Killed a wraith
   597 | D:3      | Reached skill level 5 in Dodging
   613 | D:3      | Noticed a wraith
   615 | D:3      | Killed a wraith
   615 | D:3      | Reached skill level 7 in Fighting
   812 | D:3      | Gained mutation: You are heat resistant. (rF+) [demonic
                  | ancestry]
   812 | D:3      | Reached XP level 8. HP: 70/73 MP: 12/12
  1054 | D:3      | Reached skill level 8 in Fighting
  1825 | D:4      | Found a staircase to the Ecumenical Temple.
  1834 | Temple   | Entered the Ecumenical Temple
  1847 | Temple   | Became a worshipper of Bahamut & Tiamat
  1887 | D:4      | Reached skill level 9 in Fighting
  2037 | D:4      | Gained mutation: You are immune to clouds of flame.
                  | [demonic ancestry]
  2037 | D:4      | Reached XP level 9. HP: 74/84 MP: 13/13
  2071 | D:4      | Reached * piety under Bahamut & Tiamat
  2180 | D:4      | Noticed a kobold demonologist
  2198 | D:4      | Killed a kobold demonologist
  2198 | D:4      | Reached ** piety under Bahamut & Tiamat
  2198 | D:4      | Reached skill level 10 in Fighting
  2394 | D:5      | Entered Level 5 of the Dungeon
  2416 | D:5      | Found a sparkling altar of Nemelex Xobeh.
  2642 | D:5      | Reached skill level 5 in Invocations
  3334 | D:5      | Gained mutation: You are naturally skilled at Long Blades
                  | (Aptitude +3). [draconic bloodline]
  3334 | D:5      | Reached XP level 10. HP: 90/94 MP: 15/15
  3537 | D:5      | Found a staircase to the Lair.
  3904 | D:6      | Noticed a centaur warrior
  3912 | D:6      | Killed a centaur warrior
  4049 | D:5      | HP: 1/94 [something (10)]
  4054 | D:5      | HP: 2/94 [something (1)]
  4291 | D:6      | Noticed a two-headed ogre
  4312 | D:6      | Reached skill level 11 in Fighting
  4327 | D:6      | Reached *** piety under Bahamut & Tiamat
  4329 | D:6      | Killed a two-headed ogre
  4333 | D:6      | Reached skill level 10 in Invocations
  4366 | D:6      | Reached skill level 5 in Long Blades
  4369 | D:6      | Found a staircase to the Orcish Mines.
  4464 | D:7      | Noticed Frances
  4464 | D:7      | Noticed an ogre mage
  4464 | D:7      | Noticed a two-headed ogre
  4722 | D:6      | Noticed a sixfirhy
  4725 | D:6      | Reached XP level 11. HP: 62/102 MP: 17/19
  4727 | D:6      | Reached **** piety under Bahamut & Tiamat
  4737 | D:6      | HP: 3/153 [troll (6)]
  4740 | D:6      | HP: 1/153 [troll (4)]
  4742 | D:6      | Slain by a troll

Levels and vault maps discovered:
D:1:      nzn_arrival_water_spiral, layout_basic, chequers_decorated_corner,
          minmay_misc_feat_diagonals, bh_walls_and_bars
D:2:      layout_sewer
D:3:      layout_basic, first_ration, miniossuary_due_ghosttown, uniq_edmund
D:4:      layout_long_grid, minmay_temple_entry_junction, special_room
          [special_room_kobold], blue_anna_alchemist [blue_anna_fruit_fields,
          blue_anna_fruit_fields]
D:5:      layout_basic, lemuel_doored_altar, david_lair_shrubbed,
          serial_co_window_serial, co_window_corner_a, co_window_paths_a,
          co_window_paths_a, co_window_cross_1, co_window_corner_a,
          co_window_cross_2, co_window_cross_4, co_window_of_opportunity_c,
          co_window_broadway_c
D:6:      layout_rooms, orc_0_dummy
D:7:      layout_big_octagon, hangedman_vaults_entry_quadrant_bands,
          minmay_misc_feat_cross, lightli_fourway_metalbox, uniq_louise,
          uniq_frances
Temple:   grunt_wide_crystal_templ

Skill      XL: |  1  2  3  4  5  6  7  8  9 10 |
---------------+-------------------------------+-----
Fighting       | 3 4 5 6 7 9 10 11 | 11.3
Dodging        | 3 4 5 6 7 8 |  8.3
Invocations    | 7 10 | 10.7
Long Blades    | 2 5 |  5.7
Stealth        | |  1.3
Spellcasting   | |  2.6

Action                   |  1- 3 |  4- 6 |  7- 9 | 10-12 || total
-------------------------+-------+-------+-------+-------++-------
Melee: Long sword        |    14 |    36 |   324 |   131 ||   505
       Unarmed           |    12 |    32 |   281 |   119 ||   444
       Tailslap          |     3 |     6 |    46 |    25 ||    80
       Headbutt          |     1 |    10 |    89 |    41 ||   141
 Cast: Flame Tongue      |     3 |     6 |     1 |       ||    10
Invok: Choose Tiamat's R |       |       |     1 |       ||     1
       Enhanced Breath   |       |       |     3 |       ||     3
       Choose Bahamut's  |       |       |     1 |       ||     1
 Abil: Breathe Dart      |       |     1 |       |       ||     1
       Breathe Fog       |       |       |     2 |       ||     2
  Use: Potion            |       |       |     1 |     6 ||     7
       Scroll            |       |       |       |     1 ||     1
 Stab: Sleeping          |     1 |     1 |     2 |     1 ||     5
       Distracted        |       |       |     2 |     1 ||     3
       Fleeing           |       |       |     1 |       ||     1
  Eat: Chunk             |       |       |    11 |     2 ||    13
       Ration            |       |       |       |     1 ||     1
Armor: Skin              |     5 |    10 |    85 |    59 ||   159
Dodge: Dodged            |     7 |    26 |   328 |   170 ||   531
       Deflected         |       |       |     7 |     6 ||    13
       Rpst.: Unarmed    |     2 |     3 |   101 |    42 ||   148
       Long sword        |     2 |     6 |   107 |    47 ||   162
